AoeStats
← Moriaty04

Arabia

508064933Analyzed
1v1 RM · 13d ago on Sep 20, 2026· 33m 21s· 2 players
Game mode
Random Map
Map size
Tiny (2 player)
Population
200
Speed
Normal
Resources
Standard
Victory
Conquest
Starting age
Dark Age
Ending age
Imperial Age
RankedLock teamsTeams togetherTeam positionsShared explorationLock speedFull tech treeHidden civsTurbo modeCheats
Victory
Defeat
🇪🇸 Britons · Spain
1056
+16
🇩🇪 Mongols · Germany
1058
-16
miniyooo_o
8:07 Loom
10:23 Feudal Age
11:04 Double-Bit Axe
15:14 Town Watch
16:39 Fletching
19:43 Horse Collar
24:05 Castle Age
25:14 Wheelbarrow
24:59 Bow Saw
25:10 Heavy Plow
25:33 Forging
25:40 Scale Barding Armor
26:54 Gold Mining
27:39 Forging
29:15 Stone Mining
31:57 Husbandry
Moriaty04
9:09 Feudal Age
10:07 Double-Bit Axe
20:43 Castle Age
21:18 Fletching
22:44 Bodkin Arrow
29:38 Horse Collar
Connection lost

Rejoining the realm…

Still unreachable

The connection could not be restored.

Session expired

The server has moved on; the page needs a fresh start.